 Dungeon Crawl Stone Soup version 0.30-a0-439-g9e77e4d916 (webtiles) character file.

Game seed: 14260128699142060033

192 McMuffin the Covered (level 5, -3/41 HPs)
             Began as a Demonspawn Wanderer on Dec 10, 2022.
             Slain by a gnoll
             ... wielding a +0 club
              (7 damage)
             ... on level 5 of the Dungeon.
             The game lasted 00:14:12 (2628 turns).

McMuffin the Covered (Demonspawn Wanderer)          Turns: 2628, Time: 00:14:13

Health: -3/41      AC:  7    Str: 18    XL:     5   Next: 42%
Magic:  15/15      EV: 25    Int:  9    God:
Gold:   174        SH:  0    Dex: 13    Spells: 6/6 levels left

rFire   . . .      SeeInvis .    n - +0 long sword
rCold   . . .      Faith    .    (no shield)
rNeg    . . .      Spirit   .    d - +0 scale mail
rPois   .          Reflect  .    (helmet restricted)
rElec   .          Harm     .    (no cloak)
rCorr   .          Rampage  .    (no gloves)
Will    .....                    (no boots)
Stlth   +.........               f - amulet of the acrobat
HPRegen 0.26/turn                m - ring of magical power
MPRegen 0.14/turn                (no ring)

@: acrobatic
A: horns 2, foul stench 1, demonic magic 1
a: no special abilities


You were on level 5 of the Dungeon.
You visited 1 branch of the dungeon, and saw 5 of its levels.

You collected 174 gold pieces.

Inventory:

Hand Weapons
 a - a +1 dagger
 g - a +0 hand axe
 n - a +0 long sword (weapon)
 u - a +1 dagger of speed
Missiles
 b - an atropa-tipped dart (quivered)
 c - a datura-tipped dart
 p - 6 poisoned darts
 s - 6 javelins
Armour
 d - a +0 scale mail (worn)
Jewellery
 f - an amulet of the acrobat (around neck)
 m - a ring of magical power (left hand)
 q - a ring of fire
 v - a ring of see invisible
Scrolls
 i - 2 scrolls of identify {unknown}
 j - a scroll of fear {unknown}
 k - a scroll of silence {unknown}
 o - a scroll of vulnerability {unknown}
 r - a scroll of immolation {unknown}
 t - a scroll of blinking {unknown}
 w - a scroll of teleportation {unknown}
Potions
 e - 5 potions of curing
 h - 3 potions of cancellation {unknown}
 l - a potion of lignification {unknown}


   Skills:
 + Level 3.6 Fighting
 + Level 0.6(1.6) Short Blades
 + Level 2.4 Long Blades
 + Level 3.9 Armour
 + Level 1.1 Dodging
 + Level 3.1 Stealth
 + Level 1.0 Spellcasting


You had 6 spell levels left.
You didn't know any spells.
Your spell library contained the following spells:

 Spells                   Type           Power      Damage    Failure   Level
 Cigotuvi's Dreadful Rot  Necr/Pois/Air  0%         N/A       86%         2
 Dispel Undead            Necr           0%         3d6       100%        4
 Death Channel            Necr           0%         N/A       100%        6


Dungeon Overview and Level Annotations

Branches:
Dungeon (5/15)
 Temple: D:4-7

Altars:
Xom


Innate Abilities, Weirdness & Mutations

You have a pair of horns on your head.
You may rarely emit foul miasma when damaged in melee.
Spells you cast may paralyse adjacent enemies.


Message History

The gnoll is moderately wounded.
The gnoll hits you with a +0 flail. The gnoll hits you but does no damage.
The gnoll hits you with a +0 club. The gnoll hits you but does no damage.
The gnoll closely misses you. The gnoll hits you with a +0 club.
You hit the gnoll.
The gnoll is severely wounded.
The gnoll hits you with a +0 club. The gnoll hits you with a +0 flail.
The gnoll hits you but does no damage.
You hit the gnoll.
The gnoll is almost dead.
The gnoll closely misses you. x2; The gnoll hits you with a +0 club.
You closely miss the gnoll.
The gnoll is almost dead.
The gnoll hits you with a +0 club. The gnoll hits you with a +0 flail.
The gnoll hits you but does no damage.
You hit the gnoll.
You kill the gnoll!
The gnoll closely misses you. The gnoll misses you. x3
You closely miss the gnoll. The gnoll hits you with a +0 club.
The gnoll closely misses you.
You closely miss the gnoll. Your headbutt misses the gnoll.
The gnoll hits you with a +0 club. The gnoll hits you with a +0 club!
* * * LOW HITPOINT WARNING * * *
You hit the gnoll.
The gnoll is heavily wounded.
The gnoll hits you but does no damage. The gnoll hits you with a +0 club.
* * * LOW HITPOINT WARNING * * *
The gnoll hits you with a +0 club.
* * * LOW HITPOINT WARNING * * *
The gnoll closely misses you. The gnoll completely misses you.
The gnoll barely misses you. The gnoll closely misses you. x2
The gnoll attacks as you move away! The gnoll misses you.
The gnoll attacks as you move away! The gnoll misses you.
The gnoll attacks as you move away! The gnoll completely misses you.
The gnoll attacks as you move away! The gnoll hits you with a +0 club.
* * * LOW HITPOINT WARNING * * *
You see here 14 gold pieces.
The gnoll hits you with a +0 club!
You die...

#########
#.......#
#.....).# .
#....(<.#####..
#[.............
#..............
#..............
#.....gg.......
#.....$@.......
#############..


You could see 2 gnolls.

Vanquished Creatures
  2 hounds (D:3)
  An orc priest (D:3)
  A gnoll (D:5)
  2 adders
  A worm (D:2)
  3 dart slugs
  6 orcs (D:3)
  7 endoplasms
  5 giant cockroaches
  4 goblins
  4 quokkas
  5 ball pythons
  7 bats
  3 frilled lizards
  8 kobolds
  3 rats
62 creatures vanquished.

Notes
Turn   | Place    | Note
-------+----------+-------------------------------------------
     0 | D:1      | McMuffin the Demonspawn Wanderer began the quest for the
                  | Orb.
     0 | D:1      | McMuffin set off with the following items: a +1 dagger, an
                  | atropa-tipped dart, a datura-tipped dart, a +0 scale mail,
                  | a potion of curing.
     0 | D:1      | Reached XP level 1. HP: 18/18 MP: 2/2
    13 | D:1      | Found a faded altar of an unknown god.
   284 | D:1      | Gained mutation: You have a pair of small horns on your
                  | head. [demonic ancestry]
   284 | D:1      | Reached XP level 2. HP: 24/24 MP: 3/3
  1048 | D:2      | Gained mutation: Spells you cast may paralyse adjacent
                  | enemies. [demonic ancestry]
  1048 | D:2      | Reached XP level 3. HP: 29/29 MP: 4/4
  1395 | D:2      | You fall into a shaft and drop 1 floor!
  1560 | D:2      | Reached skill level 1 in Long Blades
  1849 | D:3      | Reached skill level 1 in Dodging
  1849 | D:3      | Gained mutation: You may rarely emit foul miasma when
                  | damaged in melee. [demonic ancestry]
  1849 | D:3      | Reached XP level 4. HP: 35/35 MP: 5/5
  2203 | D:3      | Gained mutation: You have a pair of horns on your head.
                  | [demonic ancestry]
  2203 | D:3      | Reached XP level 5. HP: 22/41 MP: 6/6
  2527 | D:3      | Found a shimmering altar of Xom.
  2601 | D:4      | Noticed an ogre
  2614 | D:5      | Entered Level 5 of the Dungeon
  2628 | D:5      | Slain by a gnoll

Illustrated notes

Levels and vault maps discovered:
D:1:      mrwooster_arrival_arrow, layout_loops_ring,
          ebering_ecumenical_altar_ruins
D:2:      layout_rooms, serial_co_window_serial, co_window_corner_a,
          co_window_paths_b, co_window_corner_a, co_window_paths_a,
          co_window_paths_b, co_window_cross_1, co_window_paths_b,
          co_window_of_opportunity_a, co_window_paths_a,
          co_window_of_opportunity_c, co_window_broadway_c,
          co_window_unsneaky_path_c, co_window_2corner, co_window_paths_d,
          glass_columns_a, glass_columns_c, glass_columns_c, glass_columns_b,
          glass_columns_c
D:3:      layout_basic, tgw_xom, minmay_misc_feat_pillars, kennysheep_nub
D:4:      layout_cave_pools, nicolae_tso_carved_into_rock, trog_butcher_becter
D:5:      layout_gridville, hangedman_decor_peaks_small

Skill      XL: |  1  2  3  4  5 |
---------------+----------------+-----
Armour         | 3 |  3.9
Stealth        | 3 |  3.1
Long Blades    | 1 2 |  2.4
Dodging        | 1 |  1.1
Fighting       | |  3.6
Short Blades   | |  0.6
Spellcasting   | |  1.0

Action                   |  1- 3 |  4- 6 || total
-------------------------+-------+-------++-------
Melee: Dagger            |    79 |       ||    79
       Headbutt          |    12 |    14 ||    26
       Long sword        |    42 |    67 ||   109
Throw: Dart              |     2 |       ||     2
 Stab: Invisible         |     1 |       ||     1
Armor: Scale mail        |    75 |    33 ||   108
Dodge: Dodged            |   103 |    78 ||   181

Table legend: (Time is in decaauts)
 A = Elapsed time spent in this place.
 B = Non-inter-level travel time spent in this place.
 C = Inter-level travel time spent in this place.
 D = Time resting spent in this place.
 E = Time spent auto-exploring this place.
 F = Levels seen in this place.
 G = Mean time per level.
                   A        B        C        D        E       F      G
               +--------+--------+--------+--------+--------+-----+--------+
         Total |   2668 |   2668 |      0 |    143 |      0 |   5 |  533.6 |
       Dungeon |   2668 |   2668 |      0 |    143 |      0 |   5 |  533.6 |
               +--------+--------+--------+--------+--------+-----+--------+

Top non-repeatable levels by time:
     D:2: 1040 daAuts
     D:3: 874 daAuts
     D:1: 691 daAuts
     D:4: 46 daAuts
     D:5: 15 daAuts
